 Dungeon Crawl Stone Soup version 0.25-a0-365-g7600c65aa0 (webtiles) character file.

Game seed: 12897334556175459447, levelgen mode: deterministic

144 pk666 the Magician (level 5, 0/28 HPs)
             Began as a Deep Elf Wizard on Jan 5, 2020.
             Killed from afar by Grinder (4 damage)
             ... with a puff of flame
             ... on level 3 of the Dungeon.
             The game lasted 00:06:32 (4605 turns).

pk666 the Magician (Deep Elf Wizard)                Turns: 4605, Time: 00:06:33

Health: 0/28       AC:  2    Str:  4    XL:     5   Next: 5%
Magic:  4/15       EV: 13    Int: 24    God:
Gold:   154        SH:  0    Dex: 13    Spells: 4/15 levels left

rFire    . . .     SeeInvis .   m - +0 dagger
rCold    . . .     Gourm    .   (no shield)
rNeg     . . .     Faith    .   a - +0 robe
rPois    .         Spirit   .   b - +0 hat
rElec    .         Reflect  .   (no cloak)
rCorr    .         Harm     .   (no gloves)
MR       .....                  (no boots)
Stlth    ++........             (no amulet)
HPRegen  0.09/turn              (no ring)
MPRegen  0.14/turn              (no ring)

@: no status effects
A: no striking features
a: no special abilities


You were on level 3 of the Dungeon.
You were not hungry.

You visited 1 branch of the dungeon, and saw 4 of its levels.

You collected 154 gold pieces.

Inventory:

Hand Weapons
 m - a +0 dagger (weapon)
Armour
 a - a +0 robe (worn)
 b - a +0 hat (worn)
Jewellery
 e - an uncursed amulet of faith {unknown}
 k - an uncursed ring of poison resistance {unknown}
Scrolls
 c - a scroll of amnesia {unknown}
 f - 2 scrolls of identify {unknown}
 g - 2 scrolls of remove curse {unknown}
 j - 2 scrolls of magic mapping {unknown}
 l - a scroll of noise {unknown}
Potions
 h - 3 potions of haste {unknown}
 i - a potion of heal wounds {unknown}
 n - a potion of brilliance {unknown}
Comestibles
 d - 2 rations


   Skills:
 - Level 3.2 Dodging
 - Level 2.4 Stealth
 + Level 5.6 Spellcasting
 + Level 2.6 Conjurations
 + Level 1.9 Summonings
 - Level 1.1 Translocations
 + Level 1.1 Fire Magic
 + Level 1.0 Air Magic
 + Level 1.3 Poison Magic


You had 4 spell levels left.
You knew the following spells:

 Your Spells              Type           Power        Failure   Level  Hunger
a - Magic Dart            Conj           ###.         2%          1    None
b - Blink                 Tloc           N/A          8%          2    None
c - Conjure Flame         Conj/Fire      ###.....     12%         3    #......
d - Mephitic Cloud        Conj/Pois/Air  ##......     13%         3    #......
e - Call Imp              Summ           ###.....     5%          2    None

Your spell library contained the following spells:

 Spells                   Type           Power        Failure   Level  Hunger
 Slow                     Hex            #.......     13%         2    None


Dungeon Overview and Level Annotations

Branches:
Dungeon (4/15)
 Temple: D:4-7

Altars:
Cheibriados
Sif Muna

Annotations:
D:3 Grinder, Ijyb, Jessica, Terence


Message History

* * * LOW HITPOINT WARNING * * *
Casting: Blink (safe; 8% risk of failure)
Confirm with . or Enter, or press ? or * to list all spells.
You blink.
Casting: Blink (safe; 8% risk of failure)
Confirm with . or Enter, or press ? or * to list all spells.
Aiming: Mephitic Cloud (safe; 13% risk of failure)
Press: ? - help, Shift-Dir - straight line, f - iguana
Aim: an iguana The ball explodes into a vile cloud!
The stinking cloud engulfs the iguana but does no damage.
You hear a shout!
The iguana is engulfed in noxious fumes.
The iguana appears confused.
You hear a shout!
Casting: Mephitic Cloud (safe; 13% risk of failure)
Confirm with . or Enter, or press ? or * to list all spells.
A beastly little devil appears in a puff of flame.
Grinder zaps a wand.
The puff of flame hits you.
You die...

#.##..........##
#.######........ ## #####.#
##..>..### .# ####.....#
#.......# .# #.l..#####
##.......# .#########.####
#.......... ........#..#
##.......###
.######...###########..........
.####
##......).@..##..#.####...
....###..######.5.....#..# ...
........## #°..###.5.## .#
....##### ####l#####....# ....#
#[...# ##...#..... ....#
########..######## ....# #..##
....# #####.## ....# #...5.#


You could see Grinder, an iguana (confused) and a friendly crimson imp.

Vanquished Creatures
  6 adders
  2 worms (D:2)
  A giant cockroach (D:3)
  10 hobgoblins
  12 jackals
  9 bats
  5 frilled lizards
  15 goblins
  8 kobolds
  6 rats
74 creatures vanquished.

Vanquished Creatures (collateral kills)
  Robin (D:2)
1 creature vanquished.

Grand Total: 75 creatures vanquished

Notes
Turn   | Place    | Note
-------+----------+-------------------------------------------
     0 | D:1      | pk666 the Deep Elf Wizard began the quest for the Orb.
     0 | D:1      | Reached XP level 1. HP: 10/10 MP: 7/7
   241 | D:1      | Reached XP level 2. HP: 15/15 MP: 2/9
   830 | D:2      | Reached skill level 5 in Spellcasting
   830 | D:2      | Reached XP level 3. HP: 7/19 MP: 0/11
  1219 | D:2      | Learned a level 2 spell: Blink
  1223 | D:2      | Learned a level 3 spell: Conjure Flame
  1227 | D:2      | Learned a level 3 spell: Mephitic Cloud
  1230 | D:2      | Learned a level 2 spell: Call Imp
  2091 | D:2      | Reached XP level 4. HP: 24/24 MP: 9/13
  2203 | D:2      | Found a snail-covered altar of Cheibriados.
  2960 | D:3      | Found a shimmering blue altar of Sif Muna.
  3114 | D:3      | Noticed Robin
  3162 | D:2      | Killed Robin
  3162 | D:2      | Reached skill level 1 in Poison Magic
  3244 | D:2      | Reached skill level 1 in Fire Magic
  3389 | D:3      | Noticed Grinder
  3392 | D:3      | Paralysed by Grinder for 6 turns
  4033 | D:3      | Noticed Jessica
  4033 | D:3      | Noticed Ijyb
  4036 | D:3      | Noticed Terence
  4241 | D:4      | Noticed an ogre
  4244 | D:4      | Reached skill level 1 in Air Magic
  4248 | D:3      | Paralysed by Grinder for 3 turns
  4260 | D:3      | Reached XP level 5. HP: 22/28 MP: 1/15
  4605 | D:3      | Killed from afar by Grinder

Levels and vault maps discovered:
D:1:      scummos_arrival_checkerplants, layout_loops_cross
D:2:      kennysheep_big_flooded_room, layout_loops_ring,
          lemuel_coloured_pillars_altar, first_ration
D:3:      layout_rooms, lemuel_crystal_altar, chequers_ecumenical_altar_simple,
          uniq_terence, uniq_jessica, uniq_ijyb, uniq_grinder, uniq_robin
D:4:      layout_rooms, minmay_door_square, kennysheep_generic_room_7,
          uniq_menkaure

Skill      XL: |  1  2  3  4 |
---------------+-------------+-----
Dodging        | 3 |  3.2
Conjurations   | 2 |  2.6
Spellcasting   | 5 |  5.6
Poison Magic   | 1 |  1.3
Fire Magic     | 1 |  1.1
Air Magic      | 1 |  1.0
Stealth        | |  2.4
Summonings     | |  1.9
Translocations | |  1.1

Action                   |  1- 3 |  4- 6 || total
-------------------------+-------+-------++-------
Melee: Unarmed           |     6 |       ||     6
 Cast: Magic Dart        |    96 |    86 ||   182
       Call Imp          |       |     6 ||     6
       Conjure Flame     |       |     4 ||     4
       Mephitic Cloud    |       |     3 ||     3
       Blink             |       |     4 ||     4
  Use: Potion            |     1 |       ||     1
  Eat: Chunk             |     3 |     1 ||     4
       Ration            |       |     2 ||     2
Armor: Skin              |     6 |       ||     6
       Robe              |     1 |     3 ||     4
Dodge: Dodged            |    12 |    24 ||    36

Table legend:
 A = Non-vault XP
 B = Vault XP
 C = Vault XP percentage of total XP
 D = Non-vault monster count
 E = Vault monster count
 F = Vault count percentage of total count
                 A         B        C        D         E       F
            +---------+---------+-------+---------+---------+-------
      Total |     175 |      31 |  15.0 |      62 |      13 |  17.3
            +---------+---------+-------+---------+---------+-------
        D:1 |      29 |       0 |   0.0 |      18 |       0 |   0.0
        D:2 |      83 |      13 |  13.5 |      29 |       4 |  12.1
        D:3 |      50 |      18 |  26.5 |      14 |       9 |  39.1
        D:4 |      13 |       0 |   0.0 |       1 |       0 |   0.0
            +---------+---------+-------+---------+---------+-------
